 Dungeon Crawl Stone Soup version 0.30-a0-1018-g25214051b3 (webtiles) character file.

Game seed: 11692608189017315657

564 Zeldest the Chopper (level 7, -3/62 HPs)
             Began as an Armataur Reaver on Apr 7, 2023.
             Slain by an iguana (9 damage)
             ... on level 5 of the Dungeon.
             The game lasted 00:04:45 (4023 turns).

Zeldest the Chopper (Armataur Reaver)               Turns: 4023, Time: 00:04:46

Health: -3/62      AC:  7    Str: 19    XL:     7   Next: 10%
Magic:  9/9        EV:  8    Int: 13    God:
Gold:   176        SH:  0    Dex:  9    Spells: 8/9 levels left

rFire   . . .      SeeInvis .    a - +0 hand axe
rCold   . . .      Faith    .    (no shield)
rNeg    + . .      Spirit   .    s - +0 ring mail
rPois   .          Reflect  .    (no helmet)
rElec   .          Roll     +    r - +0 cloak
rCorr   .                        (no gloves)
Will    .....                    (no barding) Stlth
                                 (no amulet)
HPRegen 0.30/turn                e - ring of positive energy
MPRegen 0.11/turn                (no ring)

@: hasted, very quick
A: large, rugged brown scales 3, deformed body, armoured tail, roll, long
tongue, awkward tongue
a: no special abilities


You were on level 5 of the Dungeon.
You visited 2 branches of the dungeon, and saw 6 of its levels.

You collected 258 gold pieces.
You spent 82 gold pieces at shops.

Inventory:

Hand Weapons
 a - a +0 hand axe (weapon)
Missiles
 p - 4 poisoned darts
Armour
 r - a +0 cloak (worn)
 s - a +0 ring mail (worn)
Jewellery
 e - a ring of positive energy (left hand)
Wands
 v - a wand of flame (10)
Scrolls
 f - 2 scrolls of poison {unknown}
 g - 4 scrolls of identify {unknown}
 h - a scroll of enchant weapon {unknown}
 i - a scroll of blinking
 k - 3 scrolls of teleportation
 m - a scroll of fear {unknown}
 n - 2 scrolls of fog {unknown}
 t - a scroll of amnesia {unknown}
Potions
 b - a potion of berserk rage {unknown}
 c - 4 potions of heal wounds {unknown}
 d - a potion of attraction {unknown}
 j - 2 potions of haste
 l - a potion of magic {unknown}
 o - a potion of ambrosia {unknown}
 q - a potion of might {unknown}
 u - a potion of flight {unknown}


   Skills:
 + Level 3.8 Fighting
 * Level 5.1 Axes
 + Level 4.2 Armour
 - Level 1.3 Dodging
 - Level 1.7 Spellcasting
 - Level 2.6 Conjurations


You had 8 spell levels left.
You knew the following spells:

 Your Spells              Type           Power      Damage    Failure   Level
a - Kiss of Death         Conj/Necr      16%        2d6       26%         1

Your spell library contained the following spells:

 Spells                   Type           Power      Damage    Failure   Level
 Momentum Strike          Conj/Tloc      8%         3d8       36%         2
 Hailstorm                Conj/Ice       4%         3d4       58%         3
 Confusing Touch          Hex            1%         N/A       78%         3
 Dispel Undead            Necr           1%         3d6       99%         4


Dungeon Overview and Level Annotations

Branches:
Dungeon (5/15) Zot: 25989  Temple (1/1) D:5 Zot: 5986

Altars:
Ashenzari
Elyvilon
Fedhas
Gozag
Kikubaaqudgha
Makhleb
Qazlal
Sif Muna
Trog
Uskayaw
Vehumet
Wu Jian
Xom
Yredelemnul

Shops:
D:3 ?

Annotations:
D:4 Edmund
Temple Blork the orc


Innate Abilities, Weirdness & Mutations

You are completely covered in rugged brown scales. (AC +3, +7% HP)
Armour fits poorly on your strangely shaped body.
You have a long armoured tail.
You roll when moving toward enemies. (Rampage)
Your long tongue fully drains potion bottles. (2x potion effects)
Your tongue gives you trouble enunciating. (1.5x scroll delay)


Message History

A puff of flame appears from out of thin air!
The puff of flame misses you.
You bump into the rock wall.
You bump into the rock wall.
Something hits you but does no damage.
You bump into the rock wall.
Something hits you.
You hit the iguana.
The iguana is lightly wounded.
You hit something.
You hear some strange, mumbled words.
A puff of flame appears from out of thin air!
The puff of flame hits you!
You bump into the rock wall.
You feel less confused.
You hit the iguana.
The iguana is lightly wounded.
You barely miss the iguana. You miss something.
Something hits you but does no damage. The iguana bites you.
The iguana bites you!
You hit the iguana.
You tail-slap the iguana, but do no damage.
The iguana is moderately wounded.
You closely miss something. You hit the iguana.
Something hits you but does no damage. The iguana barely misses you.
The iguana bites you.
You hit the iguana.
The iguana is heavily wounded.
You hit the iguana but do no damage. You hit something.
Reactivating autopickup.
You feel a bit more experienced.
You hit the iguana but do no damage. You punch the iguana.
The iguana is severely wounded.
You closely miss the iguana. The iguana barely misses you.
The iguana bites you.
* * * LOW HITPOINT WARNING * * *
You hit the iguana.
Your tail-slap misses the iguana.
The iguana is severely wounded.
You hit the iguana. The iguana bites you!
* * * LOW HITPOINT WARNING * * *
The iguana bites you!
You die...

.... #....#...... #..
.... ##...##.... #..
#...##..# ##.. #...##..#
#... #.......# #...
#.....l.+ #...
#..###)########+#...
#####..###.###..##......
.......@l........#......
.......l)........#..<...
.................#......
####+#####.#####'#......
#.##.....######
#..+.....# +..#.....#
##+#.....# ....######


You could see 2 iguanas.

Vanquished Creatures
  Grinder (D:4)
  A water moccasin (D:3)
  A phantom (D:5)
  An orc wizard (D:5)
  7 adders
  A worm (D:3)
  3 dart slugs
  5 orcs
  3 ball pythons
  4 bats
  4 endoplasms
  2 giant cockroaches
  5 goblins
  2 hobgoblins
  8 jackals
  5 kobolds
  11 quokkas
  3 frilled lizards
  6 rats
73 creatures vanquished.

Notes
Turn   | Place    | Note
-------+----------+-------------------------------------------
     0 | D:1      | Zeldest the Armataur Reaver began the quest for the Orb.
     0 | D:1      | Reached XP level 1. HP: 18/18 MP: 3/3
    49 | D:1      | Reached XP level 2. HP: 15/25 MP: 4/4
   232 | D:1      | Reached skill level 1 in Armour
   390 | D:1      | Found a faded altar of an unknown god.
   793 | D:2      | Reached skill level 3 in Axes
   793 | D:2      | Reached XP level 3. HP: 31/31 MP: 5/5
  1124 | D:2      | Reached XP level 4. HP: 34/39 MP: 6/6
  1408 | D:3      | Found an opulent altar of Gozag.
  1464 | D:3      | Found Dergh's Magic Scroll Shoppe.
  1473 | D:3      | Bought a scroll of blinking for 82 gold pieces
  2008 | D:3      | Found a radiant altar of Vehumet.
  2012 | D:3      | Noticed a water moccasin
  2026 | D:3      | Killed a water moccasin
  2027 | D:3      | Reached skill level 4 in Axes
  2027 | D:3      | Reached XP level 5. HP: 17/48 MP: 7/7
  2652 | D:4      | Found a bloodstained altar of Trog.
  2774 | D:4      | Noticed Grinder
  2777 | D:4      | Paralysed by Grinder for 2 turns
  2793 | D:4      | Paralysed by Grinder for 3 turns
  2798 | D:4      | Killed Grinder
  2799 | D:4      | Reached XP level 6. HP: 25/54 MP: 8/8
  3064 | D:4      | Found a shimmering blue altar of Sif Muna.
  3136 | D:4      | Found a white marble altar of Elyvilon.
  3147 | D:4      | Noticed Edmund
  3558 | D:5      | Entered Level 5 of the Dungeon
  3609 | D:5      | Found a staircase to the Ecumenical Temple.
  3609 | D:5      | Noticed Blork the orc
  3617 | Temple   | Entered the Ecumenical Temple
  3923 | D:5      | Reached skill level 5 in Axes
  3923 | D:5      | Reached XP level 7. HP: 57/62 MP: 9/9
  4023 | D:5      | Slain by an iguana

Illustrated notes

Levels and vault maps discovered:
D:1:      lemuel_arrival_cross, layout_basic, basic_ecumenical_altar
D:2:      layout_basic
D:3:      layout_loops_ring, nicolae_gozag_seed_capital,
          mainiacjoe_overflow_concentric_impassable, serial_shops, shop,
          hangedman_abyss_or_decor_lesser_grid
D:4:      layout_layer_cave, trog_butcher_becter, mainiacjoe_overflow_paths,
          elyvilon_altar_3, uniq_grinder, uniq_edmund
D:5:      layout_gridville, zin_purify, nicolae_ru_sacrificial_ziggurat,
          minmay_temple_entry_tees, uniq_ijyb, uniq_duvessa, uniq_menkaure,
          uniq_pikel, uniq_blork_the_orc, uniq_eustachio
Temple:   nicolae_temple_ecumenical_triangle

Skill      XL: |  1  2  3  4  5  6 |
---------------+-------------------+-----
Fighting       | 2 3 |  3.8
Armour         | 1 2 3 4 |  4.2
Axes           | 3 4 5 |  5.1
Dodging        | |  1.3
Spellcasting   | |  1.7
Conjurations   | |  2.6

Action                     |  1- 3 |  4- 6 |  7- 9 || total
---------------------------+-------+-------+-------++-------
  Melee: Hand axe          |    96 |   164 |    42 ||   302
         Tailslap          |     6 |    13 |     1 ||    20
         Punch             |       |     1 |     1 ||     2
  Evoke: Wand              |       |     9 |       ||     9
    Use: Scroll            |       |     2 |       ||     2
         Potion            |       |     1 |     1 ||     2
 Armour: Leather armour    |    42 |    29 |       ||    71
         Ring mail         |       |    30 |    18 ||    48
  Dodge: Dodged            |    54 |    58 |    14 ||   126

Table legend: (Time is in decaauts)
 A = Elapsed time spent in this place.
 B = Non-inter-level travel time spent in this place.
 C = Inter-level travel time spent in this place.
 D = Time resting spent in this place.
 E = Time spent auto-exploring this place.
 F = Levels seen in this place.
 G = Mean time per level.
                   A        B        C        D        E       F      G
               +--------+--------+--------+--------+--------+-----+--------+
         Total |   4022 |   3879 |    143 |    868 |   2256 |   6 |  670.3 |
       Dungeon |   4009 |   3866 |    143 |    868 |   2256 |   5 |  801.8 |
        Temple |     13 |     13 |      0 |      0 |      0 |   1 |   13.0 |
               +--------+--------+--------+--------+--------+-----+--------+

Top non-repeatable levels by time:
     D:3: 1299 daAuts
     D:4: 924 daAuts
     D:1: 746 daAuts
     D:2: 597 daAuts
     D:5: 441 daAuts
  Temple: 13 daAuts
